 Dungeon Crawl Stone Soup version 0.26.0-45-g9c1d065592 (webtiles) character file.

Game seed: 10872464925113626387

112 txstrosman the Stinger (level 4, 0/30 HPs)
             Began as a Demonspawn Venom Mage on Jan 28, 2021.
             Was a Follower of Vehumet.
             Killed from afar by an orc wizard (10 damage)
             ... with a magic dart
             ... on level 3 of the Dungeon.
             The game lasted 00:31:18 (4290 turns).

txstrosman the Stinger (Demonspawn Venom Mage)      Turns: 4290, Time: 00:31:19

Health: 0/30       AC:  5    Str:  8    XL:     4   Next: 63%
Magic:  6/8        EV: 12    Int: 17    God:    Vehumet [*.....]
Gold:   191        SH:  0    Dex: 14    Spells: 7/9 levels left

rFire    + . .     SeeInvis .   l - +0 spear
rCold    . . .     Faith    .   (no shield)
rNeg     . . .     Spirit   .   j - +0 leather armour
rPois    .         Reflect  .   (no helmet)
rElec    .         Harm     .   (no cloak)
rCorr    .         Rampage  .   b - +0 pair of gloves
Will     .....                  (no boots)
Stlth    ++........             (no amulet)
HPRegen  0.10/turn              i - ring of protection from fire
MPRegen  0.11/turn              (no ring)

@: flying
A: claws 1, sharp scales 1
a: Renounce Religion


You were on level 3 of the Dungeon.
You worshipped Vehumet.
Vehumet was aware of your devotion.
You visited 1 branch of the dungeon, and saw 3 of its levels.

You collected 191 gold pieces.

Inventory:

Hand Weapons
 l - a +0 spear (weapon)
 m - a +1 spear of chaos
Armour
 a - a +0 robe
 b - a +0 pair of gloves (worn)
 f - a +0 pair of gloves
 j - a +0 leather armour (worn)
Jewellery
 i - a ring of protection from fire (left hand)
Potions
 c - 4 potions of curing
 d - a potion of attraction {unknown}
 e - 2 potions of heal wounds {unknown}
 g - 2 potions of flight
 h - a potion of degeneration {unknown}
 k - a potion of invisibility {unknown}
 o - a potion of haste {unknown}


   Skills:
 * Level 0.9 Armour
 - Level 2.0 Dodging
 - Level 1.7 Stealth
 * Level 3.0 Spellcasting
 * Level 0.1 Conjurations
 * Level 2.0 Transmutations
 * Level 3.9 Poison Magic


You had 7 spell levels left.
You knew the following spells:

 Your Spells              Type           Power        Failure   Level
a - Sting                 Tmut/Pois      48%          8%          1
b - Magic Dart            Conj           12%          24%         1

Your spell library contained the following spells:

 Spells                   Type           Power        Failure   Level
 Poisonous Vapours        Pois/Air       18%          17%         2
 Ignite Poison            Fire/Tmut/Pois 9%           32%         3
 Mephitic Cloud           Conj/Pois/Air  7%           38%         3
 Olgreb's Toxic Radiance  Pois           15%          43%         4


Dungeon Overview and Level Annotations

Branches:
Dungeon (3/15)

Altars:
Fedhas
Ru
Vehumet
Xom


Innate Abilities, Weirdness & Mutations

You have sharp fingernails.
You are partially covered in razor-sharp scales. (AC +1, Slay +1)


Message History

The orc priest miscasts a cantrip.
The orc wizard mumbles some strange words.
The orc wizard seems to speed up.
Your magical contamination has completely faded away.
The orc wizard gestures at you while chanting.
The magic dart hits you.
The orc wizard points at you and mumbles some strange words.
The magic dart hits you!
It was a potion of flight.
You feel very buoyant.
You fly up into the air.
The orc wizard casts a spell at you. The magic dart hits you.
* * * LOW HITPOINT WARNING * * *
As you read the scroll labelled JAT ABIGGU, it crumbles to dust.
You feel as if something is helping you.
It was a scroll of remove curse.
The orc wizard casts a spell at you. The magic dart hits you!
You die...

#......†...###.##......#..#
#..........# #.##......#..#
#..........# #..#......#..#
#..........####.##'###.#..#
#..............)..(....#..#
######.....####.##.#####..#####
#.....##..................
.#######...o....#..########.#####
.............o..@................
.#################.########)#####
#.................###
#.#####.#####........ #.# #..#
#.#.#.### #.######.####.#.#.#..
#.#.............#.#.#
#.#.#####.###.#.#.#.# #.#.#
#.###.#.#.#<.


You could see an orc priest and an orc wizard (fast).

Vanquished Creatures
  3 adders
  A gnoll (D:2)
  A worm (D:2)
  2 dart slugs
  A leopard gecko (D:3)
  3 orcs (D:2)
  9 bats
  A giant cockroach (D:1)
  5 goblins
  7 hobgoblins
  11 jackals
  3 frilled lizards
  7 kobolds
  6 rats
60 creatures vanquished.

Notes
Turn   | Place    | Note
-------+----------+-------------------------------------------
     0 | D:1      | txstrosman the Demonspawn Venom Mage began the quest for
                  | the Orb.
     0 | D:1      | Reached XP level 1. HP: 13/13 MP: 3/3
   233 | D:1      | Reached skill level 1 in Transmutations
   437 | D:1      | Gained mutation: You are partially covered in razor-sharp
                  | scales. (AC +1, Slay +1) [demonic ancestry]
   437 | D:1      | Reached XP level 2. HP: 19/19 MP: 0/5
  1669 | D:2      | Found a radiant altar of Vehumet.
  1834 | D:2      | Became a worshipper of Vehumet
  1977 | D:2      | Gained mutation: You have sharp fingernails. [demonic
                  | ancestry]
  1977 | D:2      | Reached XP level 3. HP: 24/24 MP: 1/6
  2246 | D:2      | Found a blossoming altar of Fedhas.
  2490 | D:2      | HP: 1/24 [poisoned by a gnoll]
  2924 | D:2      | Found a shimmering altar of Xom.
  3010 | D:2      | Reached XP level 4. HP: 24/30 MP: 5/8
  3706 | D:3      | Reached * piety under Vehumet
  3706 | D:3      | Offered knowledge of Magic Dart by Vehumet.
  3714 | D:3      | Learned a level 1 spell: Magic Dart
  4037 | D:3      | Found a sacrificial altar of Ru.
  4290 | D:3      | Killed from afar by an orc wizard

Illustrated notes

Levels and vault maps discovered:
D:1:      evilmike_arrival_hilbert_curve, layout_basic
D:2:      layout_basic, fedhas_altar_4, fiery_altar_vehumet, tgw_xom
D:3:      layout_basic, nicolae_ru_path_of_blood

Skill      XL: |  1  2  3  4 |
---------------+-------------+-----
Transmutations | 1 2 |  2.0
Dodging        | 2 |  2.0
Spellcasting   | 3 |  3.0
Armour         | |  0.9
Stealth        | |  1.7
Conjurations   | |  0.1
Poison Magic   | |  3.9

Action                   |  1- 3 |  4- 6 || total
-------------------------+-------+-------++-------
Melee: Unarmed           |     1 |       ||     1
       Spear             |    27 |    33 ||    60
 Cast: Sting             |    77 |    23 ||   100
       Magic Dart        |       |     2 ||     2
  Use: Scroll            |     4 |     2 ||     6
       Potion            |     1 |     1 ||     2
Armor: Robe              |    32 |       ||    32
       Leather armour    |    26 |    17 ||    43
Dodge: Dodged            |    89 |    38 ||   127
